 Dungeon Crawl Stone Soup version 0.20.1-1-g8b1a95d (webtiles) character file.

79 Irenicus the Chopper (level 4, -1/40 HPs)
             Began as a Deep Dwarf Monk on Oct 31, 2017.
             Slain by an orc
             ... wielding a +0 flail
              (8 damage)
             ... on level 3 of the Dungeon.
             The game lasted 00:04:15 (1778 turns).

Irenicus the Chopper (Deep Dwarf Monk)              Turns: 1778, Time: 00:04:16

Health: -1/40      AC:  3    Str: 15    XL:     4   Next: 16%
Magic:  4/4        EV: 12    Int: 10    God:
Gold:   87         SH:  0    Dex: 16    Spells: 3/3 levels left

rFire    . . .     SeeInvis .   c - +2 hand axe (chop)
rCold    . . .     Gourm    .   (no shield)
rNeg     . . .     Faith    .   s - +0 leather armour
rPois    .         Spirit   .   (no helmet)
rElec    .         Reflect  .   (no cloak)
rCorr    +         Harm     .   (no gloves)
MR       .....                  (no boots)
Stlth    ++........             (no amulet)
Regen    0.0/turn               t - ring of resist corrosion (curse)
MPRegen  0.1/turn               (no ring)

@: non-regenerating, hasted, heavily drained, very quick
A: damage resistance, heal wounds, sense surroundings 1, no regeneration
a: Heal Wounds


You were on level 3 of the Dungeon.
You were hungry.

You visited 1 branch of the dungeon, and saw 3 of its levels.

You collected 87 gold pieces.

Inventory:

Hand Weapons
 c - a +2 hand axe of chopping (weapon)
Armour
 s - a +0 leather armour (worn)
Jewellery
 t - a cursed ring of resist corrosion (left hand)
 u - an uncursed ring of fire
Scrolls
 d - 8 scrolls of identify {unknown}
 g - 3 scrolls of enchant armour {unknown}
 h - a scroll of amnesia {unknown}
 i - a scroll of recharging {unknown}
 j - 2 scrolls of enchant weapon {unknown}
 l - 3 scrolls of remove curse {unknown}
 m - 2 scrolls of immolation {unknown}
 p - a scroll of teleportation {unknown}
 q - a scroll of fog {unknown}
Potions
 e - 2 potions of curing {unknown}
 k - 3 potions of agility {unknown}
 n - a potion of cancellation {unknown}
 o - 2 potions of flight {unknown}
 r - a potion of heal wounds {unknown}
Comestibles
 b - 3 bread rations
 f - 3 royal jellies


   Skills:
 - Level 2.6(1.1) Fighting
 + Level 4.1(2.5) Axes
 - Level 3.2(1.6) Dodging
 - Level 2.4(0.8) Stealth
 - Level 2.7(1.1) Unarmed Combat


You had 3 spell levels left.
You didn't know any spells.

Dungeon Overview and Level Annotations

Branches:
Dungeon (3/15)

Altars:
Cheibriados
Okawaru
Qazlal


Innate Abilities, Weirdness & Mutations

You are resistant to damage.
You can heal yourself by infusing magical energy.
You passively map a small area around you.
You do not regenerate.


Message History

* * * LOW HITPOINT WARNING * * *
You slash the dart slug!
You kill the dart slug!
You see here a dart slug corpse.
An orc comes into view. It is wielding a club.
A goblin comes into view.
The goblin shouts!
An orc comes into view. It is wielding a flail.
The orc shouts!
A quokka and an orc wizard come into view.
The orc wizard shouts!
You hit the goblin.
You kill the goblin!
The orc wizard moves out of view.
The orc hits you with a flail.
* * * LOW HITPOINT WARNING * * *
The orc throws a tomahawk.
The tomahawk misses you.
You see here a tomahawk.
It was a potion of haste.
You feel yourself speed up. The orc hits you with a flail!
You die...

#.##....##.########.
#.##....##........#
#.#...............#,
#.#.....####......#
#.#<....##....#.#.#,
#.#.######.#.##.#.#
#.#.# ........#†#,
#.#.# #.##.#.####.#
..#.#*# #.#.#..@.#,
###.# ,. #.#.##o#
....########.# #..#
*
......#..........o#
.....>.......###.r#
........### , o..#,*
........... .r.##
........##. ,....* ,
........# , ..... ,


You could see an orc wizard, an orc and a quokka.

Vanquished Creatures
  An adder (D:2)
  An ooze (D:1)
  5 dart slugs
  A leopard gecko (D:3)
  An orc (D:3)
  4 giant cockroaches
  13 goblins
  2 hobgoblins (D:3)
  5 kobolds
  A quokka (D:3)
  9 bats
  4 frilled lizards
  6 rats
53 creatures vanquished.

Notes
Turn   | Place    | Note
-------+----------+-------------------------------------------
     0 | D:1      | Irenicus the Deep Dwarf Monk began the quest for the Orb.
     0 | D:1      | Reached XP level 1. HP: 20/20 MP: 1/1
    55 | D:1      | Reached skill level 1 in Axes
    68 | D:1      | Reached XP level 2. HP: 25/27 MP: 2/2
   129 | D:1      | Reached skill level 2 in Axes
   477 | D:1      | Reached XP level 3. HP: 14/33 MP: 3/3
   552 | D:2      | Reached skill level 3 in Axes
   851 | D:2      | Found an iron altar of Okawaru.
  1456 | D:3      | Reached skill level 4 in Axes
  1468 | D:3      | Reached XP level 4. HP: 13/40 MP: 2/4
  1476 | D:3      | Found a snail-covered altar of Cheibriados.
  1477 | D:3      | Found a stormy altar of Qazlal.
  1778 | D:3      | Slain by an orc

Skill      XL: |  1  2  3 |
---------------+----------+-----
Axes           | 1 2 4 |  4.1
Fighting       | |  2.6
Dodging        | |  3.2
Stealth        | |  2.4
Unarmed Combat | |  2.7

Action                   |  1- 3 |  4- 6 || total
-------------------------+-------+-------++-------
Melee: Hand axe          |   108 |    22 ||   130
       Unarmed           |     1 |       ||     1
  Use: Potion            |       |     1 ||     1
 Stab: Sleeping          |     6 |     3 ||     9
  Eat: Chunk             |     2 |       ||     2
Armor: Robe              |    22 |       ||    22
       Leather armour    |       |     3 ||     3
Dodge: Dodged            |    67 |    15 ||    82
